Map: [ESL] Oceanborn

Players

Lambo - Winner!

  • Race: Zerg Zerg
  • Spawn Location: 11:00

RedpackCuKu (CuKu)

  • Race: Terran Terran
  • League: Master
  • Spawn Location: 5:00

Event: HomeStory Cup XXIV

VOD

Have the link to the VOD?

Description

Time

  • Played on: Dec. 1, 2023, 12:39 p.m.
  • Length: 6:53

All games in this series

Show
View Real Time Build Order
Export as new Build Order

Lambo Zerg - Winner!

Build Orders: Pool First 

Get SALT Encoding   

  12  0:00  Drone  
  13  0:13  Overlord  
  13  0:17  Drone  
  14  0:31  Drone x2  
  14  0:35  Drone  
  17  0:45  Extractor, Drone  
  17  0:49  Spawning Pool  
  16  0:56  Drone  
  17  1:07  Drone  
  18  1:16  Hatchery  
  17  1:20  Drone  
  18  1:35  Queen  
  18  1:36  Zergling x2  
  18  1:39  Zergling x2  
  22  1:46  Metabolic Boost  
  22  1:51  Overlord  
  22  2:11  Zergling x2, Queen  
  22  2:15  Zergling x2  
  26  2:25  Hatchery  
  25  2:30  Drone  
  25  2:32  Drone  
  25  2:35  Drone  
  28  2:40  Drone  
  28  2:43  Drone  
  30  2:45  Drone  
  30  2:48  Drone  
  32  2:53  Overlord  
  32  3:04  Drone x3  
  35  3:10  Drone  
  35  3:15  Queen  
  35  3:16  Drone  
  35  3:18  Drone  
  39  3:22  Drone x4  
  43  3:35  Overlord  
  43  3:36  Queen  
  43  3:38  Overlord  
  45  3:43  Drone x2  
  45  3:45  Queen  
  45  3:47  Overlord  
  49  3:54  Drone x2  
  51  4:00  Queen  
  51  4:02  Drone x4  
  57  4:04  Zergling x2  
  57  4:07  Drone  
  59  4:10  Zergling x2  
  59  4:12  Queen  
  59  4:15  Overlord  
  62  4:20  Drone x2  
  64  4:25  Drone x3  
  64  4:27  Drone  
  64  4:29  Drone  
  69  4:32  Lair  
  69  4:33  Drone  
  69  4:34  Extractor, Baneling Nest  
  69  4:35  Drone  
  69  4:38  Queen  
  69  4:41  Zergling x2  
  69  4:43  Zergling x2  
  73  4:46  Zergling x2  
  73  4:47  Zergling x2  
  73  4:48  Drone  
  73  4:49  Drone  
  73  4:51  Queen  
  78  4:54  Zergling x4, Spine Crawler  
  78  4:57  Zergling x4  
  81  5:00  Overlord  
  81  5:03  Overlord  
  81  5:04  Overlord  
  81  5:07  Overlord  
  81  5:08  Overlord  
  81  5:10  Overlord  
  81  5:18  Baneling x2  
  82  5:22  Overlord  
  82  5:23  Baneling x2  
  82  5:25  Drone x3  
  82  5:27  Drone x3  
  88  5:29  Baneling  
  88  5:31  Drone x2, Hatchery  
  89  5:35  Drone x2  
  89  5:39  Centrifugal Hooks  
  91  5:46  Baneling x2, Queen x2  
  91  5:49  Zergling x10  
  96  5:53  Extractor  
  96  5:54  Zergling x6, Extractor  
  97  5:59  Zergling x4  
  97  6:03  Queen  
  101  6:04  Zergling x2  
  101  6:08  Baneling x4  
  101  6:09  Zergling x6  
  105  6:16  Zergling x12  
  105  6:17  Baneling x3  
  111  6:22  Overlord  
  112  6:31  Zergling x10  
  110  6:36  Zergling x2  
  110  6:39  Baneling x4  
Show
View Real Time Build Order
Export as new Build Order

RedpackCuKu Terran 

Build Orders: Hellion Opening, Reaper Expand 

Get SALT Encoding   

  12  0:00  SCV  
  13  0:12  SCV  
  14  0:16  Supply Depot  
  14  0:24  SCV  
  15  0:38  SCV  
  15  0:40  Barracks  
  16  0:44  Refinery  
  16  0:50  SCV  
  17  1:02  SCV  
  18  1:14  SCV  
  19  1:28  Orbital Command, Reaper  
  20  1:39  Command Center  
  20  1:48  Supply Depot  
  20  1:54  SCV  
  20  2:00  Marine  
  22  2:08  SCV  
  23  2:12  Factory  
  23  2:21  SCV  
  24  2:23  Barracks Reactor  
  24  2:33  SCV  
  25  2:39  Command Center  
  25  2:45  SCV  
  25  2:51  Orbital Command  
  27  2:58  SCV  
  27  3:00  Starport  
  27  3:10  SCV  
  27  3:13  Hellion  
  27  3:15  Hellion  
  30  3:22  Barracks Tech Lab  
  30  3:23  Refinery  
  30  3:25  SCV  
  32  3:28  Barracks  
  31  3:35  Hellion  
  31  3:36  Hellion  
  31  3:40  Supply Depot  
  35  3:42  SCV  
  35  3:45  Marauder  
  35  3:47  Viking  
  40  3:56  Hellion  
  40  3:59  Hellion  
  44  4:07  Marauder  
  46  4:14  Supply Depot  
  46  4:16  Barracks Tech Lab  
  46  4:17  Medivac  
  46  4:21  Hellion x2  
  52  4:27  Supply Depot  
  52  4:29  Marauder  
  54  4:37  Marauder  
  56  4:45  Hellion x2  
  60  4:53  Marauder  
  60  4:57  Concussive Shells  
  60  4:58  Supply Depot, Marauder  
  64  5:02  SCV  
  64  5:03  SCV  
  66  5:10  Hellion  
  66  5:11  Hellion  
  70  5:17  SCV x2, Medivac  
  74  5:29  SCV x2, Marauder  
  74  5:31  Marauder  
  74  5:32  Hellion  
  82  5:38  Supply Depot  
  81  5:45  Hellion  
  81  5:50  Marauder  
  81  5:55  Hellion  
  81  5:56  SCV  
  86  5:59  SCV  
  86  6:01  Supply Depot  
  87  6:05  Marauder  
  89  6:14  Hellion  
  90  6:18  Hellion  
  90  6:22  Marauder  
Tags
 
Add a new tag
Caveats
  • Supply blocks, unpowered buildings, or Contaminate may cause inaccurate times.
  • Supply counts are checked every 10 seconds.